 Seeded DCSS version 0.29.1 (webtiles) character file.

Game seed: 15342986624498160732 (custom seed)

78 mathmaestro the Grave Robber (level 4, -5/33 HPs)
             Began as a Demonspawn Necromancer on Sept 12, 2022.
             Slain by a gnoll
             ... wielding a +0 halberd
              (12 damage)
             ... on level 3 of the Dungeon.
             The game lasted 00:03:59 (2420 turns).

mathmaestro the Grave Robber (DsNe)                 Turns: 2420, Time: 00:04:00

Health: -5/33      AC:  5    Str:  9    XL:     4   Next: 15%
Magic:  8/8        EV: 12    Int: 18    God:
Gold:   132        SH:  0    Dex: 13    Spells: 4/8 levels left

rFire   . . .      SeeInvis .   n - +0 dagger (freeze)
rCold   . . .      Faith    .   (no shield)
rNeg    . . .      Spirit   .   a - +0 robe
rPois   .          Reflect  .   l - +2 hat
rElec   .          Harm     .   (no cloak)
rCorr   .          Rampage  .   (no gloves)
Will    .....                   (no boots)
Stlth   ++........              (no amulet)
HPRegen 0.11/turn               (no ring)
MPRegen 0.11/turn               (no ring)

@: no status effects
A: hooves 1, powered by death 1, sharp scales 1
a: no special abilities


You were on level 3 of the Dungeon.
You visited 1 branch of the dungeon, and saw 3 of its levels.

You collected 132 gold pieces.

Inventory:

Hand Weapons
 n - a +0 dagger of freezing (weapon)
Armour
 a - a +0 robe (worn)
 l - a +2 hat (worn)
Wands
 m - a wand of polymorph (6)
Scrolls
 e - 2 scrolls of identify {unknown}
 g - a scroll of fear {unknown}
 k - a scroll of butterflies {unknown}
Potions
 b - a potion of magic
 c - a potion of heal wounds {unknown}
 d - a potion of resistance {unknown}
 f - 2 potions of brilliance {unknown}
 h - a potion of invisibility {unknown}
 i - a potion of attraction {unknown}
 j - a potion of haste {unknown}


   Skills:
 + Level 1.8 Fighting
 - Level 2.0 Dodging
 - Level 2.0 Stealth
 + Level 2.7 Spellcasting
 + Level 5.0 Necromancy


You had 4 spell levels left.
You knew the following spells:

 Your Spells              Type           Power      Damage    Failure   Level
a - Necrotise             Necr           80%        1d8       1%          1
b - Vampiric Draining     Necr           20%        2d7       6%          3

Your spell library contained the following spells:

 Spells                   Type           Power      Damage    Failure   Level
 Animate Dead             Necr           20%        N/A       21%         4
 Agony                    Necr           20%        N/A       50%         5


Dungeon Overview and Level Annotations

Branches:
Dungeon (3/15)

Altars:
Sif Muna


Innate Abilities, Weirdness & Mutations

You have large cloven feet.
You regenerate a little health from kills.
You are partially covered in razor-sharp scales. (AC +1, Slay +1)


Message History

You enter the shallow water.
Moving in this stuff is going to be slow.
There is an open door here.
A rat comes into view.
Found a club.
You closely miss the rat. Your kick misses the rat.
The rat bites you but does no damage.
You hit the rat. You freeze the rat.
You kill the rat!
Found 5 stones.
A goblin and 2 gnolls come into view.
Found a stone staircase leading down.
The gnoll moves out of view.
The gnoll shouts!
The gnoll hits you from afar with a +0 halberd!
The goblin shouts!
The gnoll closely misses you.
Casting: Necrotise (safe; 1% risk of failure)
Confirm with . or Enter, or press ? or * to list all spells.
Aiming: Necrotise (safe; 1% risk of failure)
Press: ? - help, Shift-Dir - straight line, f - gnoll
Aim: a gnoll, wielding a +0 halberd (chance to affect: 84%)
The gnoll writhes in agony.
The gnoll shouts!
The gnoll hits you with a +0 halberd!
The gnoll hits you from afar with a +0 halberd.
* * * LOW HITPOINT WARNING * * *
The goblin unwields a +0 club.
The goblin wields a +0 sling.
The goblin shoots a sling bullet.
The sling bullet barely misses you.
The goblin shoots a sling bullet.
The sling bullet hits you.
* * * LOW HITPOINT WARNING * * *
Aiming: Polymorph
Press: ? - help, Shift-Dir - straight line, f/p - gnoll
Aim: a gnoll, wielding a +0 halberd (moderately wounded, will become a centaur, a jelly, or a river rat, chance to affect: 57%)
Okay, then.
You see here a bat corpse.
There is a stone staircase leading up here.
The goblin shoots a sling bullet.
The sling bullet hits you.
* * * LOW HITPOINT WARNING * * *
The gnoll hits you from afar with a +0 halberd!
You die...

#.# #.# #.# #.#### #.#
#(##.. #.# #.##.# ##.##
#.##.# #...# #.##.#
###...### ##.##.#
#.......#####.#.#.###
#...@.g......###.....
#........####.#.#.###
#######..........g...##.#
#..............#.##.###.#
#.#####.......##.##.###.###
#.# #.......##.##....#...
#.#####.#..<#.##.######.###
#.....#.#.###.##.# #†#
#####.#.#.# #.##.# #.#


You could see a gnoll and a goblin.

Vanquished Creatures
  Jessica (D:3)
  An adder (D:2)
  2 worms (D:2)
  A dart slug (D:1)
  6 bats
  2 endoplasms
  A giant cockroach (D:2)
  2 hobgoblins (D:1)
  3 kobolds (D:2)
  2 quokkas
  6 ball pythons
  A frilled lizard (D:2)
  3 goblins
  6 rats
37 creatures vanquished.

Vanquished Creatures (collateral kills)
  A rat (D:2)
1 creature vanquished.

Grand Total: 38 creatures vanquished

Notes
Turn   | Place    | Note
-------+----------+-------------------------------------------
     0 | D:1      | mathmaestro the Demonspawn Necromancer began the quest for
                  | the Orb.
     0 | D:1      | Reached XP level 1. HP: 13/13 MP: 3/3
   346 | D:1      | Found a faded altar of an unknown god.
   564 | D:1      | Gained mutation: You have large cloven feet. [demonic
                  | ancestry]
   564 | D:1      | Reached XP level 2. HP: 20/20 MP: 1/5
   749 | D:2      | Reached skill level 1 in Fighting
   886 | D:2      | Gained mutation: You regenerate a little health from kills.
                  | [demonic ancestry]
   886 | D:2      | Reached XP level 3. HP: 26/26 MP: 3/6
   890 | D:2      | Learned a level 3 spell: Vampiric Draining
  2035 | D:3      | Noticed Jessica
  2083 | D:3      | Killed Jessica
  2084 | D:3      | Reached skill level 5 in Necromancy
  2084 | D:3      | Gained mutation: You are partially covered in razor-sharp
                  | scales. (AC +1, Slay +1) [demonic ancestry]
  2084 | D:3      | Reached XP level 4. HP: 33/33 MP: 4/8
  2269 | D:3      | Found a shimmering blue altar of Sif Muna.
  2420 | D:3      | Slain by a gnoll

Illustrated notes

Levels and vault maps discovered:
D:1:      wander_arrival_peaceful_grave, layout_basic,
          hellmonk_ecumenical_altar_run_dry
D:2:      layout_basic, hangedman_decor_riveting
D:3:      cheibrodos_greedy_goblins, layout_loops_ring, led_sif_pool,
          uniq_jessica

Skill      XL: |  1  2  3 |
---------------+----------+-----
Stealth        | 2 |  2.0
Dodging        | 2 |  2.0
Fighting       | 1 |  1.8
Necromancy     | 5 |  5.0
Spellcasting   | |  2.7

Action                   |  1- 3 |  4- 6 || total
-------------------------+-------+-------++-------
Melee: Unarmed           |     3 |       ||     3
       Dagger            |    22 |     3 ||    25
       Kick              |     7 |       ||     7
       Club              |     1 |       ||     1
 Cast: Necrotise         |    45 |     1 ||    46
       Vampiric Draining |     1 |       ||     1
 Stab: Sleeping          |     1 |     1 ||     2
       Distracted        |     1 |       ||     1
Armor: Robe              |     9 |     1 ||    10
Dodge: Dodged            |    19 |     2 ||    21
